Harfangs vs Ice Dragons
Created - October 24, 2017 at 19:00
Goals
|
Harfangs |
1 |
0 |
3 |
0 |
0 |
4 |
Ice Dragons |
0 |
1 |
3 |
0 |
1 |
5 |
|
Shots
|
Harfangs |
10 |
10 |
11 |
5 |
3 |
36 |
Ice Dragons |
16 |
9 |
16 |
2 |
3 |
43 |
|
1st period
1. Harfangs , Brandon Pirri 1 (Andreas Martinsen 4, Tobias Rieder 6) at 11:01
Penalties :
Cristoval Nieves (BEA) for High sticking (Minor) at 2:26, Michael Latta (Kin) for Boarding (Minor) at 16:57
2nd period
2. Ice Dragons , Michael Chaput 2 (Curtis Glencross 4, Samuel Groulx 2) at 17:58
Penalties :
Joe Callahan (Kin) for Holding (Minor) at 4:32, Calle Jarnkrok (BEA) for Hooking (Minor) at 14:59, Curtis Glencross (Kin) for Holding (Minor) at 15:07
3rd period
3. Harfangs , Tobias Rieder 2 (Jean-Gabriel Pageau 3) at 0:12
4. Ice Dragons , Ian Cole 2 (Petr Vrana 2, Michael Latta 5) at 6:08
5. Ice Dragons , Brandon Kozun 1 (Andrej Nestrasil 2, Tyler Haskins 6) at 6:46
6. Ice Dragons , Curtis Glencross 2 (Michael Stone 1, Michael Chaput 1) at 8:03
7. Harfangs , Brian Lashoff 1 (Cristoval Nieves 1, Brandon Pirri 3) at 11:33
8. Harfangs , Cam Atkinson 5 (Calle Jarnkrok 6) at 15:25
Penalties :
Brian Lashoff (BEA) for Interference (Minor) at 1:37, Ian Cole (Kin) for Tripping (Minor) at 3:59, Joe Callahan (Kin) for Hooking (Minor) at 11:51
Overtime #1
No Goal
Penalties :
Dylan Olsen (BEA) for Holding (Minor) at 0:58
Shootout
Penalty Shot by Tomas Tatar for Harfangs - Stopped by Anders Nilsson
Penalty Shot by Curtis Glencross for Ice Dragons - Stopped by Andrew Hammond
Penalty Shot by Cam Atkinson for Harfangs - Stopped by Anders Nilsson
Penalty Shot by Troy Brouwer for Ice Dragons - Shot Misses the Net
Penalty Shot by Cody Eakin for Harfangs - Shot Misses the Net
Penalty Shot by Michael Latta for Ice Dragons - Goal!
Penalties :
No Penalty
Goalie Stats
Andrew Hammond (BEA), 39 saves from 43 shots - (0.907), OTL, 2-1-1, 65:00 minutes
Anders Nilsson (Kin), 32 saves from 36 shots - (0.889), W, 4-2-0, 65:00 minutes
Players Stats for Harfangs
Player Name G A P +/- PIM S H SB GA TA FO MP PP MP PK MP
------------------------------------------------------------------------------------
Andreas Martinsen 0 1 1 1 0 0 1 0 0 1 0/0 9:08 0:14 1:02
Brandon Pirri 1 1 2 1 0 3 0 0 0 1 0/0 7:44 0:20 0:00
Brandon Saad 0 0 0 0 0 1 2 0 0 1 0/3 20:13 4:30 0:00
Brendan Leipsic 0 0 0 1 0 0 1 0 0 0 0/0 11:25 0:00 0:00
Brian Lashoff 1 0 1 2 2 1 2 3 1 1 0/0 23:29 3:50 2:25
Calle Jarnkrok 0 1 1 1 2 2 0 1 1 0 4/9 14:43 0:08 3:10
Cam Atkinson 1 0 1 1 0 8 4 0 0 1 1/1 16:01 0:30 2:46
Cody Eakin 0 0 0 -2 0 4 0 0 2 0 1/5 17:10 3:19 0:22
Cristoval Nieves 0 1 1 1 2 0 0 0 0 0 1/4 6:52 0:00 0:00
Dylan Olsen 0 0 0 0 2 3 3 2 0 3 0/0 28:48 4:14 1:52
Jake Dotchin 0 0 0 1 0 0 2 1 0 0 0/0 20:09 0:49 1:24
Jean-Gabriel Pageau 0 1 1 0 0 4 4 1 0 0 19/44 25:02 4:17 1:58
Joel Armia 0 0 0 -2 0 0 0 0 0 1 1/1 14:25 3:18 0:00
Nathan Beaulieu 0 0 0 0 0 1 3 0 1 1 0/0 28:58 3:33 2:38
Nick Holden 0 0 0 -2 0 2 1 0 0 0 0/0 17:39 3:42 3:51
Reid McNeill 0 0 0 -1 0 1 1 1 0 0 0/0 11:06 0:00 0:00
Tobias Rieder 1 1 2 0 0 5 0 2 1 1 0/1 22:56 4:17 0:00
Tomas Tatar 0 0 0 -2 0 1 3 0 1 0 0/1 16:12 3:19 0:53
Players Stats for Ice Dragons
Player Name G A P +/- PIM S H SB GA TA FO MP PP MP PK MP
------------------------------------------------------------------------------------
Andrej Nestrasil 0 1 1 0 0 5 0 0 1 0 5/9 15:23 0:12 0:11
Brandon Kozun 1 0 1 0 0 1 0 1 0 0 1/1 13:07 0:00 0:00
Curtis Glencross 1 1 2 0 2 9 0 0 3 0 9/13 27:15 2:29 4:01
Eric Gustafsson 0 0 0 1 0 0 0 0 0 0 0/0 3:24 0:00 0:55
Ian Cole 1 0 1 0 2 3 3 1 0 1 0/0 28:24 2:04 4:14
Joe Callahan 0 0 0 1 4 1 2 1 1 0 0/0 28:53 2:04 3:02
Kevin Connauton 0 0 0 -1 0 0 1 3 0 0 0/0 22:51 2:02 2:24
Logan MacMillan 0 0 0 0 0 2 0 0 1 0 0/0 14:47 0:12 0:00
Michael Chaput 1 1 2 2 0 1 1 0 0 0 1/3 8:26 0:00 2:18
Michael Ferland 0 0 0 2 0 0 2 0 0 0 0/0 7:35 0:00 1:50
Michael Latta 0 1 1 -1 2 2 1 0 0 0 17/32 20:48 2:18 1:34
Michael Stone 0 1 1 -1 0 1 0 2 0 2 0/0 22:51 2:02 2:24
Petr Vrana 0 1 1 0 0 6 2 0 1 0 0/0 18:39 1:36 2:07
Ryan Reaves 0 0 0 -1 0 0 3 0 0 1 0/0 14:28 1:36 0:00
Samuel Groulx 0 1 1 1 0 2 1 2 0 0 0/0 13:48 0:00 3:09
Tomas Kudelka 0 0 0 0 0 1 0 0 0 0 0/0 10:29 0:00 0:00
Troy Brouwer 0 0 0 -2 0 6 1 1 4 2 2/3 24:26 2:18 4:07
Tyler Haskins 0 1 1 -1 0 3 1 0 0 1 7/8 14:26 1:36 0:00
3 Stars
1 - Michael Chaput (Kin)
2 - Brandon Pirri (BEA)
3 - Cam Atkinson (BEA)
Power Play
Harfangs - 0 on 5 Attempt(s) - 0.00%
Ice Dragons - 0 on 4 Attempt(s) - 0.00%
Penalty Kill
Harfangs - 4 on 4 Attempt(s) - 100.00%
- Score 0 goal in Penalty Kill
Ice Dragons - 5 on 5 Attempt(s) - 100.00%
- Score 0 goal in Penalty Kill
Team Stat
Harfangs - Hits : 27 - Faceoff Wins : 27 - Blocked Shots : 11 - Penalty Minutes : 8
Ice Dragons - Hits : 18 - Faceoff Wins : 42 - Blocked Shots : 11 - Penalty Minutes : 10
Official
Referees : Rooney Chris and Watson Brad
Linesman : Greg Devorski and Brad Lazarowich
Game Notes
No Game Note
Finance
Level 1 -- Attendance: 1422 (71.10%) -- Ticket Income $56,880
Level 2 -- Attendance: 804 (80.40%) -- Ticket Income $16,080
Total Attendance: 2226 (74.20%)
Total Ticket Income: $72,960
Other Income: $3,648
Total Income: $76,608
Harfangs
5 vs 5 Forward
Center Left Wing Right Wing Time % Phy DF OF
1 Jean-Gabriel Pageau Brandon Saad Tobias Rieder 40 0 2 3
2 Cody Eakin Tomas Tatar Joel Armia 30 0 2 3
3 Calle Jarnkrok Brendan Leipsic Cam Atkinson 20 1 2 2
4 Cristoval Nieves Andreas Martinsen Brandon Pirri 10 1 2 2
5 vs 5 Defense
Defense Defense Time % Phy DF OF
1 Nathan Beaulieu Dylan Olsen 40 1 2 2
2 Brian Lashoff Jake Dotchin 30 1 2 2
3 Nick Holden Reid McNeill 20 1 4 0
4 Nathan Beaulieu Brian Lashoff 10 0 1 4
PowerPlay Forward
Center Left Wing Right Wing Time % Phy DF OF
1 Jean-Gabriel Pageau Brandon Saad Tobias Rieder 60 0 0 5
2 Cody Eakin Tomas Tatar Joel Armia 40 0 0 5
PowerPlay Defense
Defense Defense Time % Phy DF OF
1 Nathan Beaulieu Dylan Olsen 60 0 2 3
2 Brian Lashoff Nick Holden 40 0 2 3
Penalty Kill 4 Players Forward
Center Wing Time % Phy DF OF
1 Calle Jarnkrok Cam Atkinson 60 0 4 1
2 Jean-Gabriel Pageau Tomas Tatar 40 0 4 1
Penalty Kill 4 Players Defense
Defense Defense Time % Phy DF OF
1 Brian Lashoff Nick Holden 60 0 5 0
2 Nathan Beaulieu Dylan Olsen 40 0 5 0
Penalty Kill - 3 Players Forward
Forward Time % Phy DF OF
1 Calle Jarnkrok 60 0 5 0
2 Jean-Gabriel Pageau 40 0 5 0
Penalty Kill - 3 Players Defense
Defense Defense Time % Phy DF OF
1 Brian Lashoff Nick Holden 60 0 5 0
2 Nathan Beaulieu Dylan Olsen 40 0 5 0
4 vs 4 Forward
Center Wing Time % Phy DF OF
1 Jean-Gabriel Pageau Tobias Rieder 60 0 2 3
2 Cody Eakin Tomas Tatar 40 0 2 3
4 vs 4 Defense
Defense Defense Time % Phy DF OF
1 Nathan Beaulieu Dylan Olsen 60 1 2 2
2 Brian Lashoff Jake Dotchin 40 1 2 2
Last Minutes Offensive
Center Left Wing Right Wing Defense Defense
Cody Eakin Tomas Tatar Cam Atkinson Nathan Beaulieu Dylan Olsen
Last Minutes Defensive
Center Left Wing Right Wing Defense Defense
Jean-Gabriel Pageau Tomas Tatar Cam Atkinson Brian Lashoff Jake Dotchin
Goaltenders
Starting : Andrew Hammond
Backup : Anton Forsberg
Extra Forwards
Normal : Cam Atkinson, Jean-Gabriel Pageau, Cody Eakin - PP : Cam Atkinson, Cody Eakin - PK : Cam Atkinson
Extra Defensemen
Normal : Nathan Beaulieu, Brian Lashoff, Dylan Olsen - PP : Nathan Beaulieu - PK : Brian Lashoff, Dylan Olsen
Penalty Shots
Tomas Tatar, Cam Atkinson, Cody Eakin, Brandon Pirri, Calle Jarnkrok
Scratches
Brenden Kichton (Healthy), John Macfarland (Healthy), Dennis Everberg (Healthy), Sebastian Wannstrom (Healthy), Mark Alt (Sports Hernia Injury)
Alex Plante (Suspend), Angelo Esposito (Healthy), Dustin Jeffrey (Healthy), Michal Repik (Healthy), Connor Hellebyuk (Healthy)
Jeremy Duchesne (Healthy), Jason Kasdorf (Healthy), Mark Visentin (Healthy), Scott Wedgewood (Healthy)
Ice Dragons
5 vs 5 Forward
Center Left Wing Right Wing Time % Phy DF OF
1 Michael Latta Curtis Glencross Troy Brouwer 40 1 2 2
2 Tyler Haskins Petr Vrana Ryan Reaves 30 1 2 2
3 Andrej Nestrasil Logan MacMillan Brandon Kozun 20 1 2 2
4 Michael Chaput Michael Ferland Curtis Glencross 10 1 2 2
5 vs 5 Defense
Defense Defense Time % Phy DF OF
1 Joe Callahan Ian Cole 40 1 2 2
2 Kevin Connauton Michael Stone 30 1 2 2
3 Tomas Kudelka Samuel Groulx 20 1 2 2
4 Eric Gustafsson Joe Callahan 10 1 2 2
PowerPlay Forward
Center Left Wing Right Wing Time % Phy DF OF
1 Michael Latta Curtis Glencross Troy Brouwer 60 1 2 2
2 Tyler Haskins Petr Vrana Ryan Reaves 40 1 2 2
PowerPlay Defense
Defense Defense Time % Phy DF OF
1 Joe Callahan Ian Cole 60 1 2 2
2 Kevin Connauton Michael Stone 40 1 2 2
Penalty Kill 4 Players Forward
Center Wing Time % Phy DF OF
1 Curtis Glencross Troy Brouwer 60 1 2 2
2 Michael Latta Petr Vrana 40 1 2 2
Penalty Kill 4 Players Defense
Defense Defense Time % Phy DF OF
1 Joe Callahan Ian Cole 60 1 2 2
2 Kevin Connauton Michael Stone 40 1 2 2
Penalty Kill - 3 Players Forward
Forward Time % Phy DF OF
1 Curtis Glencross 60 1 2 2
2 Troy Brouwer 40 1 2 2
Penalty Kill - 3 Players Defense
Defense Defense Time % Phy DF OF
1 Joe Callahan Ian Cole 60 1 2 2
2 Kevin Connauton Michael Stone 40 1 2 2
4 vs 4 Forward
Center Wing Time % Phy DF OF
1 Curtis Glencross Troy Brouwer 60 1 2 2
2 Michael Latta Petr Vrana 40 1 2 2
4 vs 4 Defense
Defense Defense Time % Phy DF OF
1 Joe Callahan Ian Cole 60 1 2 2
2 Kevin Connauton Michael Stone 40 1 2 2
Last Minutes Offensive
Center Left Wing Right Wing Defense Defense
Michael Latta Curtis Glencross Troy Brouwer Joe Callahan Ian Cole
Last Minutes Defensive
Center Left Wing Right Wing Defense Defense
Michael Latta Curtis Glencross Troy Brouwer Joe Callahan Ian Cole
Goaltenders
Starting : Anders Nilsson
Backup : Harru Sateri
Extra Forwards
Normal : Andrej Nestrasil, Logan MacMillan, Michael Chaput - PP : Andrej Nestrasil, Logan MacMillan - PK : Michael Chaput
Extra Defensemen
Normal : Tomas Kudelka, Samuel Groulx, Eric Gustafsson - PP : Tomas Kudelka - PK : Samuel Groulx, Eric Gustafsson
Penalty Shots
Curtis Glencross, Troy Brouwer, Michael Latta, Petr Vrana, Tyler Haskins
Scratches
Theodor Blueger (Healthy), Sam Carrick (Healthy), Oscar Dansk (Healthy)
% Time on Ice - Harfangs
Lines # - Real PCT - Wanted PCT - Time Play
Normal Forward
1 - 36% - 40% - 16:45
2 - 25% - 30% - 11:21
3 - 25% - 20% - 11:25
4 - 14% - 10% - 6:28
Normal Defense
1 - 42% - 40% - 19:11
2 - 34% - 30% - 15:50
3 - 22% - 20% - 10:14
4 - 2% - 10% - 0:44
PP Forward
1 - 58% - 60% - 4:39
2 - 42% - 40% - 3:25
PP Defense
1 - 52% - 60% - 4:14
2 - 48% - 40% - 3:50
PK Forward
1 - 78% - 60% - 3:13
2 - 22% - 40% - 0:53
PK Defense
1 - 80% - 60% - 3:16
2 - 20% - 40% - 0:50
PK3 Forward
1 - 87% - 60% - 1:44
2 - 13% - 40% - 0:15
PK3 Defense
1 - 57% - 60% - 1:08
2 - 43% - 40% - 0:51
44 Forward
1 - 82% - 60% - 3:59
2 - 18% - 40% - 0:53
44 Defense
1 - 58% - 60% - 2:50
2 - 42% - 40% - 2:02
Last Minute Offensive - 0:00
Last Minute Defensive - 0:00
Total
Forward - 65:00
Defense - 65:00
|
% Time on Ice - Ice Dragons
Lines # - Real PCT - Wanted PCT - Time Play
Normal Forward
1 - 33% - 40% - 15:15
2 - 30% - 30% - 13:49
3 - 27% - 20% - 12:20
4 - 10% - 10% - 4:35
Normal Defense
1 - 39% - 40% - 18:02
2 - 34% - 30% - 15:39
3 - 23% - 20% - 10:29
4 - 4% - 10% - 1:49
PP Forward
1 - 61% - 60% - 2:30
2 - 39% - 40% - 1:36
PP Defense
1 - 50% - 60% - 2:04
2 - 50% - 40% - 2:02
PK Forward
1 - 74% - 60% - 5:57
2 - 26% - 40% - 2:07
PK Defense
1 - 70% - 60% - 5:40
2 - 30% - 40% - 2:24
PK3 Forward
1 - 0% - 60%
2 - 0% - 40%
PK3 Defense
1 - 0% - 60%
2 - 0% - 40%
44 Forward
1 - 82% - 60% - 5:36
2 - 18% - 40% - 1:15
44 Defense
1 - 60% - 60% - 4:05
2 - 40% - 40% - 2:46
Last Minute Offensive - 0:00
Last Minute Defensive - 0:00
Total
Forward - 65:00
Defense - 65:00
|
Play by Play
1st period
0:01 of 1st period - Jean-Gabriel Pageau wins face-off versus Michael Latta in neutral zone.
0:26 of 1st period - Tomas Tatar is hit by Ryan Reaves and loses puck.
0:35 of 1st period - Ian Cole is hit by Brian Lashoff and loses puck.
0:50 of 1st period - Snap shot by Calle Jarnkrok.
0:50 of 1st period - Stopped by Anders Nilsson without a rebound.
0:51 of 1st period - Andrej Nestrasil wins face-off versus Cristoval Nieves in Ice Dragons zone.
1:01 of 1st period - Wrist shot by Andrej Nestrasil.
1:01 of 1st period - Stopped by Andrew Hammond with a rebound.
2:09 of 1st period - Snap shot by Cody Eakin.
2:09 of 1st period - Stopped by Anders Nilsson with a rebound.
2:26 of 1st period - Minor Penalty to Cristoval Nieves for High sticking.
2:27 of 1st period - Calle Jarnkrok wins face-off versus Michael Latta in Harfangs zone.
3:57 of 1st period - Michael Stone is hit by Jean-Gabriel Pageau and loses puck.
4:26 of 1st period - Penalty to Cristoval Nieves is over, Cristoval Nieves is back on ice.
4:53 of 1st period - Slapshot by Tomas Kudelka.
4:53 of 1st period - Deflect By Cody Eakin.
4:53 of 1st period - Stopped by Andrew Hammond with a rebound.
4:55 of 1st period - Slapshot by Samuel Groulx.
4:55 of 1st period - Stopped by Andrew Hammond with a rebound.
5:19 of 1st period - Cam Atkinson is hit by Ryan Reaves and loses puck.
5:30 of 1st period - Brandon Kozun is hit by Nick Holden and loses puck.
5:45 of 1st period - Curtis Glencross is hit by Tomas Tatar and loses puck.
6:00 of 1st period - Andreas Martinsen is hit by Joe Callahan and loses puck.
6:23 of 1st period - Icing by Calle Jarnkrok.
6:24 of 1st period - Jean-Gabriel Pageau wins face-off versus Andrej Nestrasil in Harfangs zone.
6:24 of 1st period - Jean-Gabriel Pageau is hit by Samuel Groulx.
8:35 of 1st period - Snap shot by Petr Vrana.
8:35 of 1st period - Stopped by Andrew Hammond with a rebound.
8:37 of 1st period - Snap shot by Tyler Haskins.
8:37 of 1st period - Stopped by Andrew Hammond with a rebound.
8:39 of 1st period - Slapshot by Michael Stone.
8:39 of 1st period - Shot Misses the Net.
8:55 of 1st period - Logan MacMillan is hit by Jean-Gabriel Pageau.
9:56 of 1st period - Samuel Groulx is hit by Nathan Beaulieu.
10:36 of 1st period - Andrej Nestrasil is hit by Brendan Leipsic and loses puck.
11:01 of 1st period - Snap shot by Brandon Pirri.
11:01 of 1st period - Goal by Brandon Pirri - Harfangs : 1 - Ice Dragons : 0.
11:02 of 1st period - Jean-Gabriel Pageau wins face-off versus Michael Latta in neutral zone.
11:07 of 1st period - Snap shot by Michael Latta.
11:07 of 1st period - Shot Blocked by Jake Dotchin.
11:09 of 1st period - Slapshot by Ian Cole.
11:09 of 1st period - Shot Blocked by Jean-Gabriel Pageau.
11:11 of 1st period - Slapshot by Troy Brouwer.
11:11 of 1st period - Stopped by Andrew Hammond without a rebound.
11:12 of 1st period - Michael Latta wins face-off versus Jean-Gabriel Pageau in Harfangs zone.
11:15 of 1st period - Slapshot by Michael Latta.
11:15 of 1st period - Shot Misses the Net.
11:17 of 1st period - Wrist shot by Troy Brouwer.
11:17 of 1st period - Shot Blocked by Tobias Rieder.
11:19 of 1st period - Slapshot by Ian Cole.
11:19 of 1st period - Stopped by Andrew Hammond with a rebound.
11:31 of 1st period - Snap shot by Curtis Glencross.
11:31 of 1st period - Stopped by Andrew Hammond without a rebound.
11:32 of 1st period - Tyler Haskins wins face-off versus Cody Eakin in Harfangs zone.
12:10 of 1st period - Slapshot by Michael Latta.
12:10 of 1st period - Shot Misses the Net.
12:42 of 1st period - Slapshot by Ian Cole.
12:42 of 1st period - Shot Misses the Net.
12:44 of 1st period - Slapshot by Curtis Glencross.
12:44 of 1st period - Shot Blocked by Brian Lashoff.
12:46 of 1st period - Snap shot by Curtis Glencross.
12:46 of 1st period - Stopped by Andrew Hammond with a rebound.
12:48 of 1st period - Slapshot by Joe Callahan.
12:48 of 1st period - Deflect By Michael Chaput.
12:48 of 1st period - Shot Misses the Net.
12:48 of 1st period - Puck is out of play.
12:49 of 1st period - Tyler Haskins wins face-off versus Jean-Gabriel Pageau in Harfangs zone.
13:00 of 1st period - Wrist shot by Brandon Saad.
13:00 of 1st period - Deflect By Jean-Gabriel Pageau.
13:00 of 1st period - Stopped by Anders Nilsson without a rebound.
13:01 of 1st period - Jean-Gabriel Pageau wins face-off versus Michael Latta in Ice Dragons zone.
13:02 of 1st period - Snap shot by Tobias Rieder.
13:02 of 1st period - Stopped by Anders Nilsson without a rebound.
13:03 of 1st period - Michael Latta wins face-off versus Tobias Rieder in Ice Dragons zone.
13:29 of 1st period - Snap shot by Troy Brouwer.
13:29 of 1st period - Stopped by Andrew Hammond with a rebound.
13:31 of 1st period - Slapshot by Michael Stone.
13:31 of 1st period - Shot Misses the Net.
13:33 of 1st period - Slapshot by Tyler Haskins.
13:33 of 1st period - Shot Misses the Net.
14:12 of 1st period - Snap shot by Cam Atkinson.
14:12 of 1st period - Stopped by Anders Nilsson without a rebound.
14:13 of 1st period - Calle Jarnkrok wins face-off versus Michael Chaput in Ice Dragons zone.
14:18 of 1st period - Slapshot by Cam Atkinson.
14:18 of 1st period - Stopped by Anders Nilsson with a rebound.
14:20 of 1st period - Backhand shot by Dylan Olsen.
14:20 of 1st period - Shot Blocked by Samuel Groulx.
14:22 of 1st period - Slapshot by Cam Atkinson.
14:22 of 1st period - Stopped by Anders Nilsson without a rebound.
14:23 of 1st period - Jean-Gabriel Pageau wins face-off versus Curtis Glencross in Ice Dragons zone.
14:30 of 1st period - Snap shot by Michael Latta.
14:30 of 1st period - Shot Blocked by Dylan Olsen.
14:54 of 1st period - Snap shot by Cody Eakin.
14:54 of 1st period - Shot Misses the Net.
15:08 of 1st period - Slapshot by Curtis Glencross.
15:08 of 1st period - Stopped by Andrew Hammond without a rebound.
15:09 of 1st period - Jean-Gabriel Pageau wins face-off versus Michael Chaput in Harfangs zone.
16:00 of 1st period - Snap shot by Andrej Nestrasil.
16:00 of 1st period - Stopped by Andrew Hammond without a rebound.
16:01 of 1st period - Jean-Gabriel Pageau wins face-off versus Andrej Nestrasil in Harfangs zone.
16:14 of 1st period - Wrist shot by Jean-Gabriel Pageau.
16:14 of 1st period - Shot Misses the Net.
16:16 of 1st period - Slapshot by Dylan Olsen.
16:16 of 1st period - Deflect By Michael Stone.
16:16 of 1st period - Stopped by Anders Nilsson with a rebound.
16:30 of 1st period - Wrist shot by Cody Eakin.
16:30 of 1st period - Shot Misses the Net.
16:32 of 1st period - Wrist shot by Brian Lashoff.
16:32 of 1st period - Shot Blocked by Kevin Connauton.
16:34 of 1st period - Backhand shot by Brian Lashoff.
16:34 of 1st period - Deflect By Cody Eakin.
16:34 of 1st period - Shot Misses the Net.
16:34 of 1st period - Puck is out of play.
16:35 of 1st period - Michael Latta wins face-off versus Jean-Gabriel Pageau in Ice Dragons zone.
16:35 of 1st period - Michael Latta is hit by Dylan Olsen.
16:49 of 1st period - Slapshot by Nathan Beaulieu.
16:49 of 1st period - Deflect By Ian Cole.
16:49 of 1st period - Stopped by Anders Nilsson with a rebound.
16:51 of 1st period - Wrist shot by Tobias Rieder.
16:51 of 1st period - Shot Blocked by Troy Brouwer.
16:57 of 1st period - Minor Penalty to Michael Latta for Boarding.
16:58 of 1st period - Curtis Glencross wins face-off versus Brandon Saad in Ice Dragons zone.
17:18 of 1st period - Ian Cole is hit by Jean-Gabriel Pageau and loses puck.
17:57 of 1st period - Snap shot by Michael Chaput.
17:57 of 1st period - Shot Blocked by Brian Lashoff.
18:27 of 1st period - Jean-Gabriel Pageau is hit by Michael Chaput and loses puck.
18:57 of 1st period - Penalty to Michael Latta is over, Michael Latta is back on ice.
19:04 of 1st period - Michael Latta is hit by Andreas Martinsen and loses puck.
19:17 of 1st period - Ryan Reaves is hit by Reid McNeill and loses puck.
19:23 of 1st period - Icing by Kevin Connauton.
19:24 of 1st period - Tyler Haskins wins face-off versus Cristoval Nieves in Ice Dragons zone.
19:28 of 1st period - Off-side.
19:29 of 1st period - Michael Latta wins face-off versus Cristoval Nieves in neutral zone.
19:32 of 1st period - Wrist shot by Michael Latta.
19:32 of 1st period - Stopped by Andrew Hammond with a rebound.
19:34 of 1st period - Wrist shot by Curtis Glencross.
19:34 of 1st period - Stopped by Andrew Hammond with a rebound.
19:36 of 1st period - Snap shot by Michael Latta.
19:36 of 1st period - Deflect By Curtis Glencross.
19:36 of 1st period - Stopped by Andrew Hammond without a rebound.
19:37 of 1st period - Michael Latta wins face-off versus Jean-Gabriel Pageau in Harfangs zone.
19:38 of 1st period - Wrist shot by Troy Brouwer.
19:38 of 1st period - Shot Misses the Net.
19:40 of 1st period - Slapshot by Troy Brouwer.
19:40 of 1st period - Shot Misses the Net.
19:42 of 1st period - Snap shot by Curtis Glencross.
19:42 of 1st period - Stopped by Andrew Hammond without a rebound.
19:43 of 1st period - Jean-Gabriel Pageau wins face-off versus Michael Latta in Harfangs zone.
Goals for this period are 1 for Harfangs vs 0 for Ice Dragons.
Shots for this period are 10 for Harfangs vs 16 for Ice Dragons.
2nd period
0:01 of 2nd period - Jean-Gabriel Pageau wins face-off versus Curtis Glencross in neutral zone.
0:26 of 2nd period - Joe Callahan is hit by Tomas Tatar and loses puck.
0:31 of 2nd period - Snap shot by Cody Eakin.
0:31 of 2nd period - Stopped by Anders Nilsson with a rebound.
0:33 of 2nd period - Snap shot by Cody Eakin.
0:33 of 2nd period - Deflect By Tomas Tatar.
0:33 of 2nd period - Stopped by Anders Nilsson with a rebound.
0:35 of 2nd period - Slapshot by Reid McNeill.
0:35 of 2nd period - Stopped by Anders Nilsson with a rebound.
0:57 of 2nd period - Snap shot by Andreas Martinsen.
0:57 of 2nd period - Deflect By Brandon Pirri.
0:57 of 2nd period - Shot Misses the Net.
0:57 of 2nd period - Puck is out of play.
0:58 of 2nd period - Troy Brouwer wins face-off versus Jean-Gabriel Pageau in Ice Dragons zone.
1:24 of 2nd period - Joel Armia is hit by Kevin Connauton and loses puck.
2:25 of 2nd period - Snap shot by Troy Brouwer.
2:25 of 2nd period - Shot Misses the Net.
2:43 of 2nd period - Wrist shot by Cam Atkinson.
2:43 of 2nd period - Stopped by Anders Nilsson with a rebound.
3:29 of 2nd period - Off-side.
3:30 of 2nd period - Andrej Nestrasil wins face-off versus Jean-Gabriel Pageau in neutral zone.
3:38 of 2nd period - Icing by Brandon Saad.
3:39 of 2nd period - Jean-Gabriel Pageau wins face-off versus Andrej Nestrasil in Harfangs zone.
4:20 of 2nd period - Snap shot by Tobias Rieder.
4:20 of 2nd period - Shot Misses the Net.
4:22 of 2nd period - Wrist shot by Jean-Gabriel Pageau.
4:22 of 2nd period - Shot Blocked by Michael Stone.
4:24 of 2nd period - Slapshot by Dylan Olsen.
4:24 of 2nd period - Shot Blocked by Kevin Connauton.
4:26 of 2nd period - Wrist shot by Jean-Gabriel Pageau.
4:26 of 2nd period - Deflect By Logan MacMillan.
4:26 of 2nd period - Stopped by Anders Nilsson with a rebound.
4:28 of 2nd period - Slapshot by Jean-Gabriel Pageau.
4:28 of 2nd period - Stopped by Anders Nilsson without a rebound.
4:29 of 2nd period - Joel Armia wins face-off versus Troy Brouwer in Ice Dragons zone.
4:30 of 2nd period - Wrist shot by Tomas Tatar.
4:30 of 2nd period - Shot Misses the Net.
4:32 of 2nd period - Minor Penalty to Joe Callahan for Holding.
4:33 of 2nd period - Curtis Glencross wins face-off versus Cody Eakin in Ice Dragons zone.
4:38 of 2nd period - Slapshot by Curtis Glencross.
4:38 of 2nd period - Stopped by Andrew Hammond with a rebound.
4:40 of 2nd period - Wrist shot by Troy Brouwer.
4:40 of 2nd period - Stopped by Andrew Hammond with a rebound.
5:04 of 2nd period - Slapshot by Nathan Beaulieu.
5:04 of 2nd period - Shot Blocked by Samuel Groulx.
6:32 of 2nd period - Penalty to Joe Callahan is over, Joe Callahan is back on ice.
7:22 of 2nd period - Andrej Nestrasil is hit by Jake Dotchin and loses puck.
7:53 of 2nd period - Wrist shot by Curtis Glencross.
7:53 of 2nd period - Stopped by Andrew Hammond with a rebound.
7:59 of 2nd period - Michael Ferland is hit by Cam Atkinson and loses puck.
8:35 of 2nd period - Icing by Joe Callahan.
8:36 of 2nd period - Andrej Nestrasil wins face-off versus Brandon Saad in Ice Dragons zone.
8:43 of 2nd period - Backhand shot by Joe Callahan.
8:43 of 2nd period - Stopped by Andrew Hammond with a rebound.
9:50 of 2nd period - Nathan Beaulieu is hit by Tyler Haskins and loses puck.
10:49 of 2nd period - Snap shot by Andrej Nestrasil.
10:49 of 2nd period - Shot Misses the Net.
10:52 of 2nd period - Icing by Reid McNeill.
10:53 of 2nd period - Cristoval Nieves wins face-off versus Michael Latta in Harfangs zone.
11:57 of 2nd period - Snap shot by Curtis Glencross.
11:57 of 2nd period - Shot Misses the Net.
12:11 of 2nd period - Slapshot by Curtis Glencross.
12:11 of 2nd period - Shot Blocked by Brian Lashoff.
13:04 of 2nd period - Slapshot by Troy Brouwer.
13:04 of 2nd period - Stopped by Andrew Hammond with a rebound.
13:06 of 2nd period - Snap shot by Samuel Groulx.
13:06 of 2nd period - Deflect By Tomas Tatar.
13:06 of 2nd period - Stopped by Andrew Hammond with a rebound.
13:38 of 2nd period - Wrist shot by Brandon Pirri.
13:38 of 2nd period - Stopped by Anders Nilsson without a rebound.
13:39 of 2nd period - Tyler Haskins wins face-off versus Jean-Gabriel Pageau in Ice Dragons zone.
13:46 of 2nd period - Wrist shot by Tyler Haskins.
13:46 of 2nd period - Stopped by Andrew Hammond without a rebound.
13:47 of 2nd period - Michael Latta wins face-off versus Jean-Gabriel Pageau in Harfangs zone.
14:16 of 2nd period - Snap shot by Cam Atkinson.
14:16 of 2nd period - Shot Misses the Net.
14:22 of 2nd period - Wrist shot by Cam Atkinson.
14:22 of 2nd period - Stopped by Anders Nilsson without a rebound.
14:23 of 2nd period - Tyler Haskins wins face-off versus Jean-Gabriel Pageau in Ice Dragons zone.
14:52 of 2nd period - Snap shot by Cam Atkinson.
14:52 of 2nd period - Stopped by Anders Nilsson without a rebound.
14:53 of 2nd period - Troy Brouwer wins face-off versus Calle Jarnkrok in Ice Dragons zone.
14:59 of 2nd period - Minor Penalty to Calle Jarnkrok for Hooking.
15:00 of 2nd period - Jean-Gabriel Pageau wins face-off versus Michael Latta in Harfangs zone.
15:07 of 2nd period - Minor Penalty to Curtis Glencross for Holding.
15:08 of 2nd period - Andrej Nestrasil wins face-off versus Jean-Gabriel Pageau in Ice Dragons zone.
15:33 of 2nd period - Nathan Beaulieu is hit by Troy Brouwer and loses puck.
16:36 of 2nd period - Brian Lashoff is hit by Ian Cole.
16:54 of 2nd period - Michael Stone is hit by Cam Atkinson and loses puck.
16:59 of 2nd period - Penalty to Calle Jarnkrok is over, Calle Jarnkrok is back on ice.
17:07 of 2nd period - Penalty to Curtis Glencross is over, Curtis Glencross is back on ice.
17:13 of 2nd period - Snap shot by Brandon Pirri.
17:13 of 2nd period - Shot Misses the Net.
17:15 of 2nd period - Snap shot by Andreas Martinsen.
17:15 of 2nd period - Shot Misses the Net.
17:17 of 2nd period - Slapshot by Brandon Pirri.
17:17 of 2nd period - Stopped by Anders Nilsson with a rebound.
17:53 of 2nd period - Reid McNeill is hit by Michael Ferland and loses puck.
17:58 of 2nd period - Snap shot by Curtis Glencross.
17:58 of 2nd period - Deflect By Michael Chaput.
17:58 of 2nd period - Goal by Michael Chaput - Harfangs : 1 - Ice Dragons : 1.
17:59 of 2nd period - Michael Latta wins face-off versus Jean-Gabriel Pageau in neutral zone.
18:24 of 2nd period - Cody Eakin is hit by Joe Callahan and loses puck.
18:49 of 2nd period - Wrist shot by Andrej Nestrasil.
18:49 of 2nd period - Stopped by Andrew Hammond without a rebound.
18:50 of 2nd period - Andrej Nestrasil wins face-off versus Jean-Gabriel Pageau in Harfangs zone.
18:59 of 2nd period - Slapshot by Jean-Gabriel Pageau.
18:59 of 2nd period - Shot Misses the Net.
Goals for this period are 0 for Harfangs vs 1 for Ice Dragons.
Shots for this period are 10 for Harfangs vs 9 for Ice Dragons.
3rd period
0:01 of 3rd period - Jean-Gabriel Pageau wins face-off versus Michael Latta in neutral zone.
0:08 of 3rd period - Snap shot by Tobias Rieder.
0:08 of 3rd period - Stopped by Anders Nilsson with a rebound.
0:10 of 3rd period - Snap shot by Tobias Rieder.
0:10 of 3rd period - Stopped by Anders Nilsson without a rebound.
0:11 of 3rd period - Jean-Gabriel Pageau wins face-off versus Michael Latta in Ice Dragons zone.
0:12 of 3rd period - Snap shot by Tobias Rieder.
0:12 of 3rd period - Goal by Tobias Rieder - Harfangs : 2 - Ice Dragons : 1.
0:13 of 3rd period - Jean-Gabriel Pageau wins face-off versus Michael Latta in neutral zone.
0:26 of 3rd period - Slapshot by Ian Cole.
0:26 of 3rd period - Stopped by Andrew Hammond without a rebound.
0:27 of 3rd period - Michael Latta wins face-off versus Cody Eakin in Harfangs zone.
0:37 of 3rd period - Off-side.
0:38 of 3rd period - Michael Latta wins face-off versus Jean-Gabriel Pageau in neutral zone.
0:53 of 3rd period - Slapshot by Jean-Gabriel Pageau.
0:53 of 3rd period - Shot Misses the Net.
1:03 of 3rd period - Troy Brouwer is hit by Dylan Olsen and loses puck.
1:14 of 3rd period - Off-side.
1:15 of 3rd period - Tyler Haskins wins face-off versus Jean-Gabriel Pageau in neutral zone.
1:23 of 3rd period - Wrist shot by Petr Vrana.
1:23 of 3rd period - Shot Misses the Net.
1:25 of 3rd period - Slapshot by Ryan Reaves.
1:25 of 3rd period - Shot Misses the Net.
1:27 of 3rd period - Wrist shot by Petr Vrana.
1:27 of 3rd period - Stopped by Andrew Hammond with a rebound.
1:29 of 3rd period - Snap shot by Petr Vrana.
1:29 of 3rd period - Stopped by Andrew Hammond with a rebound.
1:31 of 3rd period - Snap shot by Tyler Haskins.
1:31 of 3rd period - Stopped by Andrew Hammond with a rebound.
1:37 of 3rd period - Minor Penalty to Brian Lashoff for Interference.
1:38 of 3rd period - Michael Latta wins face-off versus Calle Jarnkrok in Harfangs zone.
1:43 of 3rd period - Wrist shot by Troy Brouwer.
1:43 of 3rd period - Deflect By Dylan Olsen.
1:43 of 3rd period - Stopped by Andrew Hammond with a rebound.
1:45 of 3rd period - Snap shot by Troy Brouwer.
1:45 of 3rd period - Shot Blocked by Dylan Olsen.
1:47 of 3rd period - Backhand shot by Curtis Glencross.
1:47 of 3rd period - Shot Misses the Net.
1:49 of 3rd period - Wrist shot by Michael Latta.
1:49 of 3rd period - Deflect By Troy Brouwer.
1:49 of 3rd period - Shot Blocked by Calle Jarnkrok.
1:49 of 3rd period - Puck is out of play.
1:50 of 3rd period - Michael Latta wins face-off versus Calle Jarnkrok in Harfangs zone.
2:05 of 3rd period - Ian Cole is hit by Cam Atkinson.
2:15 of 3rd period - Nick Holden is hit by Petr Vrana and loses puck.
3:37 of 3rd period - Penalty to Brian Lashoff is over, Brian Lashoff is back on ice.
3:39 of 3rd period - Nick Holden is hit by Ian Cole and loses puck.
3:59 of 3rd period - Minor Penalty to Ian Cole for Tripping.
4:00 of 3rd period - Curtis Glencross wins face-off versus Brandon Saad in Ice Dragons zone.
4:40 of 3rd period - Off-side.
4:41 of 3rd period - Michael Chaput wins face-off versus Jean-Gabriel Pageau in neutral zone.
4:44 of 3rd period - Brandon Saad is hit by Michael Ferland.
5:06 of 3rd period - Samuel Groulx is hit by Brian Lashoff and loses puck.
5:11 of 3rd period - Wrist shot by Cody Eakin.
5:11 of 3rd period - Stopped by Anders Nilsson without a rebound.
5:12 of 3rd period - Curtis Glencross wins face-off versus Jean-Gabriel Pageau in Ice Dragons zone.
5:22 of 3rd period - Off-side.
5:23 of 3rd period - Jean-Gabriel Pageau wins face-off versus Curtis Glencross in neutral zone.
5:28 of 3rd period - Slapshot by Dylan Olsen.
5:28 of 3rd period - Shot Blocked by Joe Callahan.
5:40 of 3rd period - Troy Brouwer is hit by Nathan Beaulieu and loses puck.
5:59 of 3rd period - Penalty to Ian Cole is over, Ian Cole is back on ice.
6:08 of 3rd period - Slapshot by Ian Cole.
6:08 of 3rd period - Goal by Ian Cole - Harfangs : 2 - Ice Dragons : 2.
6:09 of 3rd period - Jean-Gabriel Pageau wins face-off versus Michael Latta in neutral zone.
6:15 of 3rd period - Off-side.
6:16 of 3rd period - Jean-Gabriel Pageau wins face-off versus Michael Latta in neutral zone.
6:44 of 3rd period - Snap shot by Andrej Nestrasil.
6:44 of 3rd period - Stopped by Andrew Hammond with a rebound.
6:46 of 3rd period - Snap shot by Brandon Kozun.
6:46 of 3rd period - Goal by Brandon Kozun - Harfangs : 2 - Ice Dragons : 3.
6:47 of 3rd period - Michael Latta wins face-off versus Tomas Tatar in neutral zone.
7:22 of 3rd period - Joe Callahan is hit by Brandon Saad and loses puck.
7:41 of 3rd period - Snap shot by Calle Jarnkrok.
7:41 of 3rd period - Stopped by Anders Nilsson with a rebound.
7:43 of 3rd period - Wrist shot by Cam Atkinson.
7:43 of 3rd period - Shot Misses the Net.
7:45 of 3rd period - Wrist shot by Cam Atkinson.
7:45 of 3rd period - Shot Misses the Net.
7:59 of 3rd period - Wrist shot by Michael Chaput.
7:59 of 3rd period - Shot Blocked by Reid McNeill.
8:01 of 3rd period - Backhand shot by Michael Stone.
8:01 of 3rd period - Deflect By Brandon Pirri.
8:01 of 3rd period - Stopped by Andrew Hammond with a rebound.
8:03 of 3rd period - Snap shot by Curtis Glencross.
8:03 of 3rd period - Goal by Curtis Glencross - Harfangs : 2 - Ice Dragons : 4.
8:04 of 3rd period - Michael Latta wins face-off versus Jean-Gabriel Pageau in neutral zone.
8:15 of 3rd period - Ian Cole is hit by Brandon Saad and loses puck.
8:30 of 3rd period - Joe Callahan is hit by Tomas Tatar and loses puck.
9:29 of 3rd period - Wrist shot by Andrej Nestrasil.
9:29 of 3rd period - Stopped by Andrew Hammond with a rebound.
9:31 of 3rd period - Slapshot by Logan MacMillan.
9:31 of 3rd period - Stopped by Andrew Hammond with a rebound.
9:33 of 3rd period - Slapshot by Ian Cole.
9:33 of 3rd period - Shot Misses the Net.
9:51 of 3rd period - Snap shot by Logan MacMillan.
9:51 of 3rd period - Stopped by Andrew Hammond without a rebound.
9:52 of 3rd period - Michael Latta wins face-off versus Jean-Gabriel Pageau in Harfangs zone.
10:04 of 3rd period - Icing by Brandon Saad.
10:05 of 3rd period - Jean-Gabriel Pageau wins face-off versus Michael Latta in Harfangs zone.
10:16 of 3rd period - Slapshot by Nathan Beaulieu.
10:16 of 3rd period - Shot Blocked by Michael Stone.
10:20 of 3rd period - Wrist shot by Brandon Saad.
10:20 of 3rd period - Stopped by Anders Nilsson with a rebound.
10:22 of 3rd period - Slapshot by Jean-Gabriel Pageau.
10:22 of 3rd period - Stopped by Anders Nilsson without a rebound.
10:23 of 3rd period - Cody Eakin wins face-off versus Tyler Haskins in Ice Dragons zone.
10:48 of 3rd period - Dylan Olsen is hit by Michael Latta and loses puck.
11:09 of 3rd period - Snap shot by Brandon Saad.
11:09 of 3rd period - Shot Blocked by Brandon Kozun.
11:31 of 3rd period - Snap shot by Cristoval Nieves.
11:31 of 3rd period - Shot Blocked by Kevin Connauton.
11:33 of 3rd period - Slapshot by Brian Lashoff.
11:33 of 3rd period - Deflect By Tyler Haskins.
11:33 of 3rd period - Goal by Brian Lashoff - Harfangs : 3 - Ice Dragons : 4.
11:34 of 3rd period - Michael Latta wins face-off versus Jean-Gabriel Pageau in neutral zone.
11:37 of 3rd period - Slapshot by Joe Callahan.
11:37 of 3rd period - Shot Blocked by Tobias Rieder.
11:42 of 3rd period - Off-side.
11:43 of 3rd period - Michael Latta wins face-off versus Jean-Gabriel Pageau in neutral zone.
11:51 of 3rd period - Minor Penalty to Joe Callahan for Hooking.
11:52 of 3rd period - Curtis Glencross wins face-off versus Jean-Gabriel Pageau in Ice Dragons zone.
11:52 of 3rd period - Curtis Glencross is hit by Nathan Beaulieu.
13:19 of 3rd period - Brian Lashoff is hit by Ian Cole.
13:51 of 3rd period - Penalty to Joe Callahan is over, Joe Callahan is back on ice.
13:56 of 3rd period - Snap shot by Cam Atkinson.
13:56 of 3rd period - Shot Misses the Net.
14:04 of 3rd period - Brendan Leipsic is hit by Petr Vrana and loses puck.
14:09 of 3rd period - Snap shot by Michael Latta.
14:09 of 3rd period - Stopped by Andrew Hammond with a rebound.
14:19 of 3rd period - Wrist shot by Petr Vrana.
14:19 of 3rd period - Stopped by Andrew Hammond with a rebound.
14:21 of 3rd period - Snap shot by Petr Vrana.
14:21 of 3rd period - Shot Misses the Net.
14:23 of 3rd period - Slapshot by Petr Vrana.
14:23 of 3rd period - Stopped by Andrew Hammond without a rebound.
14:24 of 3rd period - Brandon Kozun wins face-off versus Cody Eakin in Harfangs zone.
15:17 of 3rd period - Backhand shot by Dylan Olsen.
15:17 of 3rd period - Deflect By Tomas Kudelka.
15:17 of 3rd period - Stopped by Anders Nilsson without a rebound.
15:18 of 3rd period - Calle Jarnkrok wins face-off versus Michael Latta in Ice Dragons zone.
15:21 of 3rd period - Slapshot by Cam Atkinson.
15:21 of 3rd period - Shot Misses the Net.
15:23 of 3rd period - Snap shot by Cam Atkinson.
15:23 of 3rd period - Shot Misses the Net.
15:25 of 3rd period - Slapshot by Calle Jarnkrok.
15:25 of 3rd period - Deflect By Cam Atkinson.
15:25 of 3rd period - Goal by Cam Atkinson - Harfangs : 4 - Ice Dragons : 4.
15:26 of 3rd period - Michael Latta wins face-off versus Jean-Gabriel Pageau in neutral zone.
15:54 of 3rd period - Snap shot by Cam Atkinson.
15:54 of 3rd period - Stopped by Anders Nilsson without a rebound.
15:55 of 3rd period - Tyler Haskins wins face-off versus Calle Jarnkrok in Ice Dragons zone.
15:55 of 3rd period - Tyler Haskins is hit by Dylan Olsen.
17:26 of 3rd period - Samuel Groulx is hit by Jake Dotchin and loses puck.
17:53 of 3rd period - Brandon Saad is hit by Ryan Reaves and loses puck.
Goals for this period are 3 for Harfangs vs 3 for Ice Dragons.
Shots for this period are 11 for Harfangs vs 16 for Ice Dragons.
Overtime #1
0:01 of 1st overtime period - Curtis Glencross wins face-off versus Jean-Gabriel Pageau in neutral zone.
0:14 of 1st overtime period - Snap shot by Tobias Rieder.
0:14 of 1st overtime period - Shot Misses the Net.
0:16 of 1st overtime period - Snap shot by Tobias Rieder.
0:16 of 1st overtime period - Stopped by Anders Nilsson with a rebound.
0:48 of 1st overtime period - Snap shot by Petr Vrana.
0:48 of 1st overtime period - Stopped by Andrew Hammond without a rebound.
0:49 of 1st overtime period - Curtis Glencross wins face-off versus Jean-Gabriel Pageau in Harfangs zone.
0:52 of 1st overtime period - Wrist shot by Troy Brouwer.
0:52 of 1st overtime period - Stopped by Andrew Hammond without a rebound.
0:53 of 1st overtime period - Curtis Glencross wins face-off versus Jean-Gabriel Pageau in Harfangs zone.
0:56 of 1st overtime period - Snap shot by Troy Brouwer.
0:56 of 1st overtime period - Shot Misses the Net.
0:58 of 1st overtime period - Minor Penalty to Dylan Olsen for Holding.
0:59 of 1st overtime period - Calle Jarnkrok wins face-off versus Curtis Glencross in Harfangs zone.
1:04 of 1st overtime period - Slapshot by Nick Holden.
1:04 of 1st overtime period - Shot Blocked by Ian Cole.
1:14 of 1st overtime period - Snap shot by Nick Holden.
1:14 of 1st overtime period - Stopped by Anders Nilsson without a rebound.
1:15 of 1st overtime period - Curtis Glencross wins face-off versus Calle Jarnkrok in Ice Dragons zone.
1:59 of 1st overtime period - Snap shot by Brian Lashoff.
1:59 of 1st overtime period - Shot Misses the Net.
2:01 of 1st overtime period - Slapshot by Nick Holden.
2:01 of 1st overtime period - Stopped by Anders Nilsson with a rebound.
2:58 of 1st overtime period - Penalty to Dylan Olsen is over, Dylan Olsen is back on ice.
2:59 of 1st overtime period - Joe Callahan is hit by Jean-Gabriel Pageau and loses puck.
3:06 of 1st overtime period - Slapshot by Cody Eakin.
3:06 of 1st overtime period - Shot Misses the Net.
3:08 of 1st overtime period - Slapshot by Dylan Olsen.
3:08 of 1st overtime period - Stopped by Anders Nilsson without a rebound.
3:09 of 1st overtime period - Jean-Gabriel Pageau wins face-off versus Michael Latta in Ice Dragons zone.
3:58 of 1st overtime period - Wrist shot by Cody Eakin.
3:58 of 1st overtime period - Stopped by Anders Nilsson without a rebound.
3:59 of 1st overtime period - Cam Atkinson wins face-off versus Andrej Nestrasil in Ice Dragons zone.
4:47 of 1st overtime period - Curtis Glencross is hit by Cam Atkinson and loses puck.
Goals for this period are 0 for Harfangs vs 0 for Ice Dragons.
Shots for this period are 5 for Harfangs vs 2 for Ice Dragons.
ShootOut
5:00 of 1st overtime period - Penalty Shot by Tomas Tatar for Harfangs.
5:00 of 1st overtime period - Snap shot by Tomas Tatar.
5:00 of 1st overtime period - Stopped by Anders Nilsson.
5:00 of 1st overtime period - Penalty Shot by Curtis Glencross for Ice Dragons.
5:00 of 1st overtime period - Snap shot by Curtis Glencross.
5:00 of 1st overtime period - Stopped by Andrew Hammond.
5:00 of 1st overtime period - Penalty Shot by Cam Atkinson for Harfangs.
5:00 of 1st overtime period - Backhand shot by Cam Atkinson.
5:00 of 1st overtime period - Stopped by Anders Nilsson.
5:00 of 1st overtime period - Penalty Shot by Troy Brouwer for Ice Dragons.
5:00 of 1st overtime period - Backhand shot by Troy Brouwer.
5:00 of 1st overtime period - Shot Misses the Net.
5:00 of 1st overtime period - Penalty Shot by Cody Eakin for Harfangs.
5:00 of 1st overtime period - Wrist shot by Cody Eakin.
5:00 of 1st overtime period - Shot Misses the Net.
5:00 of 1st overtime period - Penalty Shot by Michael Latta for Ice Dragons.
5:00 of 1st overtime period - Snap shot by Michael Latta.
5:00 of 1st overtime period - Goal by Michael Latta.
Back to the Top